 Dungeon Crawl Stone Soup version 0.20-a0-148-gb6cfb21 (webtiles) character file.

24 mopl the Sneak (level 2, -8/11 HPs)
             Began as a Felid Enchanter on Nov 21, 2016.
             Mangled by a worm (10 damage)
             ... on level 2 of the Dungeon.
             The game lasted 00:01:47 (648 turns).

mopl the Sneak (Felid Enchanter)                     Turns: 648, Time: 00:01:47

Health: -8/11      AC:  1    Str:  4    XL:     2   Next: 79%
Magic:  0/6        EV: 18    Int: 16    God:
Gold:   61         SH:  0    Dex: 16    Spells: 2/5 levels left
                                        Lives:  0   Deaths: 0

rFire  . . .     SeeInvis +       - Unarmed
rCold  . . .     Gourm    .     (armour unavailable)
rNeg   . . .     Faith    .     (shield unavailable)
rPois  .         Spirit   .     (helmet unavailable)
rElec  .         Reflect  .     (cloak unavailable)
rCorr  .         Harm     .     (gloves unavailable)
MR     .....                    (boots unavailable)
Stlth  +++.......               (no amulet)
                                (no ring)
                                (no ring)

@: quick
A: no armour, no weapons or thrown items, stealth, claws 1, fangs 3, see
invisible, carnivore 3, speed 1, shaggy fur 1, slow metabolism 1, sharp paws
a: no special abilities


You were on level 2 of the Dungeon.
You were completely stuffed.

You visited 1 branch of the dungeon, and saw 2 of its levels.

You collected 61 gold pieces.

Inventory:

Scrolls
 e - a scroll of remove curse {unknown}
Potions
 c - a potion of curing {unknown}
Books
 a - a book of Maledictions

   Spells                             Type                      Level
   a - Corona                         Hexes                        1
   b - Ensorcelled Hibernation        Hexes/Ice                    2
   c - Confuse                        Hexes                        3
   d - Tukima's Dance                 Hexes                        3
   e - Dazzling Spray                 Conjuration/Hexes            3
Comestibles
 b - a meat ration
 f - a beef jerky


   Skills:
 - Level 2.6 Dodging
 * Level 4.8 Stealth
 + Level 1.3 Unarmed Combat
 - Level 2.0 Spellcasting
 * Level 4.8 Hexes
 + Level 0.6 Ice Magic


You had 2 spell levels left.
You knew the following spells:

 Your Spells              Type           Power        Failure   Level  Hunger
a - Corona                Hex            ###....      3%          1    #......
b - Ensorcelled Hibernat  Hex/Ice        ##....       12%         2    ###....


Dungeon Overview and Level Annotations

Branches:
Dungeon (2/15)

Altars:
Hepliaklqana


Innate Abilities, Weirdness & Mutations

You cannot wear armour.
You are incapable of wielding weapons or throwing items.
Your paws allow you to move quietly. (Stealth)
You have sharp claws.
You have razor-sharp teeth.
You have supernaturally acute eyesight. (SInv)
You are carnivorous and can eat meat at any time.
You cover ground quickly.
You are covered in fur. (AC +1)
You have a slow metabolism.
Your sharp claws are effective at attacking unaware monsters.


Message History

Aiming: Ensorcelled Hibernation
Press: ? - help, Shift-Dir - straight line, f - worm
Aim: a worm (chance to defeat MR: 50%)
The worm resists with some effort.
Unknown command.
Casting: Ensorcelled Hibernation
Confirm with . or Enter, or press ? or * to list all spells.
Aiming: Ensorcelled Hibernation
Press: ? - help, Shift-Dir - straight line, f/p - worm
Aim: a worm (chance to defeat MR: 50%)
The worm resists with some effort.
Casting: Ensorcelled Hibernation
Confirm with . or Enter, or press ? or * to list all spells.
Aiming: Ensorcelled Hibernation
Press: ? - help, Shift-Dir - straight line, f/p - worm
Aim: a worm (chance to defeat MR: 50%)
The worm looks drowsy...
The worm bites you!
Ouch! That really hurt!
You die...

..# .....# ....# ....#
...# ...# #####.#
#)@...# #w###.#
.##.####)###.####
................####.#
###.###.#.##.........#
#.######.###### #.#
#.....# #.#
###.###?####### #.#
#...###.#......


You could see a worm.

Vanquished Creatures
  A dart slug (D:1)
  2 leopard geckos (D:1)
  3 bats
  2 goblins
  6 hobgoblins
  2 frilled lizards (D:1)
  A kobold (D:2)
  2 rats (D:1)
19 creatures vanquished.

Notes
Turn   | Place    | Note
-------+----------+-------------------------------------------
     0 | D:1      | mopl the Felid Enchanter began the quest for the Orb.
     0 | D:1      | Reached XP level 1. HP: 7/7 MP: 4/4
   131 | D:1      | Reached XP level 2. HP: 11/11 MP: 6/6
   135 | D:1      | Learned a level 2 spell: Ensorcelled Hibernation
   605 | D:2      | Found a hazy altar of Hepliaklqana.
   648 | D:2      | Mangled by a worm

Vault maps used:
D:1:      lightli_arrival_chessboard
D:2:      nicolae_overflow_crystal_walls, okawaru_gym_becter, first_bread

Action                   || total
-------------------------++-------
Melee: Unarmed           ||    34
       Bite              ||     3
 Cast: Corona            ||     1
       Ensorcelled Hiber ||     7
 Stab: Sleeping          ||    10
  Eat: Chunk             ||     7
Armor: Skin              ||     2
Dodge: Dodged            ||    30
